 Dungeon Crawl Stone Soup version 0.18-a0-921-g28655ce (webtiles) character file.

455 st0uf the Skirmisher (level 7, -4/55 HPs)
             Began as a Formicid Abyssal Knight on Dec 27, 2015.
             Was a Priest of Lugonu.
             Slain by a sky beast (6 damage)
             ... on level 6 of the Dungeon.
             The game lasted 00:18:13 (4541 turns).

st0uf the Skirmisher (Formicid Abyssal Knight)      Turns: 4541, Time: 00:18:13

Health: -4/55      AC:  5    Str: 18    XL:     7   Next: 26%
Magic:  8/8        EV: 12    Int: 10    God:    Lugonu [***...]
Gold:   170        SH:  4    Dex: 10    Spells: 0 memorised, 6 levels left

rFire  . . .     SeeInvis +     a - +1 falchion
rCold  . . .     Gourm    .     b - +0 leather armour
rNeg   . . .     Faith    .     e - +0 buckler
rPois  .         Spirit   .     (helmet unavailable)
rElec  .         Dismiss  .     i - +0 cloak
rCorr  .         Reflect  .     (no gloves)
SustAt .         Harm     .     p - +0 pair of boots (curse)
MR     .....                    (no amulet)
Stlth  ++........               (no ring)
                                u - -2 ring of intelligence (curse)

@: not resistant to hostile enchantments, unstealthy
A: permanent stasis, dig shafts and tunnels, four strong arms, antennae 3
a: Dig, Shaft Self, Depart the Abyss, Bend Space, Banish, Renounce Religion


You were on level 6 of the Dungeon.
You worshipped Lugonu.
Lugonu was most pleased with you.
You were not hungry.

You visited 1 branch of the dungeon, and saw 6 of its levels.
You visited the Abyss 1 time.
You also visited: Sewer.

You collected 170 gold pieces.

Inventory:

Hand Weapons
 a - a +1 falchion (weapon)
Armour
 b - a +0 leather armour (worn)
 e - a +0 buckler (worn)
 i - a +0 cloak (worn)
 p - a cursed +0 pair of boots (worn)
Jewellery
 u - a cursed -2 ring of intelligence (left hand)
Scrolls
 d - a scroll of teleportation {unknown}
 f - 3 scrolls of remove curse {unknown}
 k - a scroll of fog {unknown}
 m - a scroll of recharging {unknown}
 n - 3 scrolls of identify {unknown}
 r - a scroll of immolation {unknown}
 t - a scroll of random uselessness {unknown}
Potions
 g - a potion of cure mutation {unknown}
 h - 2 potions of brilliance {unknown}
 j - 4 potions of curing {unknown}
 l - 4 potions of flight {unknown}
 o - a potion of mutation {unknown}
 s - a potion of cancellation {unknown}
 w - a potion of heal wounds {unknown}
Comestibles
 c - 2 bread rations
 q - a slice of pizza


   Skills:
 + Level 4.9 Fighting
 + Level 3.8 Long Blades
 + Level 3.7 Armour
 + Level 3.0 Dodging
 + Level 2.2 Stealth
 + Level 2.1 Shields
 + Level 2.4 Invocations


You had 6 spell levels left.
You didn't know any spells.

Dungeon Overview and Level Annotations

Branches:
Dungeon (7/15)
 Temple: D:4-7

Altars:
Cheibriados
Elyvilon
Ru
Sif Muna

Annotations:
D:4 JokEr's ghost, amateur MfFi


Innate Abilities, Weirdness & Mutations

You are under a permanent stasis effect.
You can dig through walls and to a lower floor.
Your four strong arms can wield two-handed weapons with a shield.
You have a pair of large antennae on your head (SInv).


Message History

The sky beast is almost dead.
The sky beast barely misses you.
You closely miss the sky beast.
The sky beast is almost dead.
The sky beast hits you.
* * * LOW HITPOINT WARNING * * *
The sky beast shocks you.
* * * LOW HITPOINT WARNING * * *
You hit the sky beast but do no damage.
The sky beast is almost dead.
The sky beast misses you.
You barely miss the sky beast.
The sky beast is almost dead.
The sky beast barely misses you.
You barely miss the sky beast.
The sky beast is almost dead.
The sky beast hits you.
* * * LOW HITPOINT WARNING * * *
The sky beast shocks you.
You die...

# .# { . ###+# .##
#....## ##.#
#.....###..# #
##..#.#.####..#
########≈≈......@Y...#
#≈≈≈≈≈...≈≈###.####.##
≈≈≈≈≈≈≈≈..#......
..#########.......
..≈≈≈≈≈≈###.##.#.##
#≈≈≈.....##.##.#$#
##≈≈≈≈≈≈..#.##.#..
########..# #.
≈≈≈≈≈≈≈≈≈.#


You could see a sky beast.

Vanquished Creatures
  A big kobold (Sewer)
  2 hounds (D:4)
  A centaur skeleton (D:4)
  Jessica (D:2)
  3 worker ants
  A hound zombie (D:4)
  Robin (D:1)
  A gnoll (D:4)
  4 adders
  3 river rats (Sewer)
  2 oozes
  An adder skeleton (D:4)
  2 giant geckos
  2 ball pythons (D:3)
  7 bats
  4 giant cockroaches (D:6)
  12 goblins
  10 hobgoblins
  2 jackals
  7 kobolds
  3 quokkas
  A ball python zombie (D:3)
  3 giant newts
  8 rats
82 creatures vanquished.

Notes
Turn   | Place    | Note
--------------------------------------------------------------
     0 | Abyss:1  | st0uf the Formicid Abyssal Knight began the quest for the Orb.
     0 | Abyss:1  | Reached XP level 1. HP: 18/18 MP: 2/2
    51 | D:1      | Escaped the Abyss
   323 | D:1      | Reached XP level 2. HP: 18/25 MP: 3/3
   516 | D:1      | Reached skill level 1 in Dodging
   995 | D:1      | Reached skill level 4 in Fighting
  1143 | D:1      | Reached ** piety under Lugonu
  1143 | D:1      | Reached XP level 3. HP: 26/30 MP: 4/4
  1278 | D:2      | Noticed Jessica
  1279 | D:2      | Killed Jessica
  1336 | D:2      | Reached XP level 4. HP: 38/38 MP: 5/5
  1339 | D:2      | Noticed Robin
  1487 | D:1      | Killed Robin
  2045 | D:2      | Found a deep blue altar of Sif Muna.
  2088 | D:2      | Reached XP level 5. HP: 36/43 MP: 6/6
  2324 | D:3      | Found a white marble altar of Elyvilon.
  2490 | D:3      | Reached *** piety under Lugonu
  2498 | D:3      | Found a sacrificial altar of Ru.
  2675 | D:3      | Reached skill level 1 in Stealth
  2675 | D:3      | Reached skill level 1 in Shields
  3016 | D:4      | Reached XP level 6. HP: 30/49 MP: 7/7
  3542 | D:4      | Noticed JokEr's ghost (amateur MfFi)
  3579 | D:4      | Found a snail-covered altar of Cheibriados.
  3700 | D:4      | You fall through a shaft for 3 floors!
  3929 | D:7      | Noticed an ice beast
  3941 | D:6      | Noticed a hippogriff
  4067 | D:6      | Found a glowing drain.
  4135 | Sewer    | Entered a sewer
  4143 | Sewer    | Reached XP level 7. HP: 50/55 MP: 8/8
  4391 | Sewer    | Found a white marble altar of Elyvilon.
  4541 | D:6      | HP: 2/55 [sky beast (2)]
  4541 | D:6      | Slain by a sky beast

Vault maps used:
D:1:      dpeg_arrival_leaves_temple_mockup
D:2:      lemuel_blue_sif_altar, uniq_robin, uniq_jessica
D:3:      nicolae_ru_great_annihilating_truth, lemuel_doored_altar, st_stairs_6
D:4:      nicolae_overflow_crystal_walls, first_bread
D:6:      minmay_temple_entry_hall, gup_sewer_entry_pipe, guppyfry_shop_venom
D:7:      grunt_ogre_cave
Sewer:    sewer_kobolds

Action                   |  1- 3 |  4- 6 |  7- 9 || total
-------------------------+-------+-------+-------++-------
Melee: Falchion          |    55 |   253 |    56 ||   364
 Stab: Paralysed         |       |     2 |       ||     2
       Sleeping          |       |     2 |       ||     2
  Eat: Chunk             |     1 |    10 |     1 ||    12
